NWL (28 & UNDER)
SAN DIEGO SMASHERS @ BISMARCK BARONS
04/23/2023
 
TOP OF THE 1ST
San Diego Smashers batting - Pitching for Bismarck Barons : RHP Felix Carrado
Pitching: RHP Felix Carrado
Batting: LHB Pedro Cruz 0-0: Called Strike
0-1: Called Strike
0-2: Ball
1-2: Strikes out swinging
Batting: RHB Cisco Gatán 0-0: Called Strike
0-1: Ball
1-1: Ground out 4-3 (Groundball, 4)
Batting: LHB António Glaviz 0-0: Ball
1-0: Ball
2-0: Called Strike
2-1: Swinging Strike
2-2: Ball
3-2: TRIPLE (Groundball, 3D)
Batting: LHB Bob Cunningham 0-0: DOUBLE (Flyball, 7D)
António Glaviz scores
Batting: LHB Raúl Guerra 0-0: Ball
1-0: Foul Ball, location: 2F
1-1: Ball
2-1: Ball
3-1: Base on Balls
Batting: RHB Miguel Moreno 0-0: Foul Ball, location: 2F
0-1: Ball
1-1: Swinging Strike
1-2: Foul Ball, location: 2F
1-2: Strikes out swinging
Top of the 1st over - 1 run(s), 2 hit(s), 0 error(s), 2 left on base; San Diego 1 - Bismarck 0
BOTTOM OF THE 1ST
Bismarck Barons batting - Pitching for San Diego Smashers : RHP Duane Carlson
Pitching: RHP Duane Carlson
Batting: SHB Chris Griffith 0-0: Swinging Strike
0-1: Foul Ball, location: 2F
0-2: Foul Ball, location: 2F
0-2: Foul Ball, location: 2F
0-2: Ball
1-2: SINGLE (Groundball, 34)
Batting: RHB Ed Terry 0-0: SINGLE (Groundball, 4M)
Chris Griffith to second
Runner from 2nd tries for 3rd, SAFE, throw made to third
Batting: RHB Dale Findley 0-0: Swinging Strike
0-1: Foul Ball, location: 2F
0-2: Ball
1-2: Fly out, F8 (Line Drive, 8RD)
Runner from 3rd tags up, SCORES, no throw
Batting: RHB Jorge Espinosa 0-0: Foul Ball, location: 2F
0-1: Ball
1-1: Ball
2-1: Ball
3-1: Called Strike
3-2: Base on Balls
Ed Terry to second
Batting: RHB Domingo Ávila 0-0: Foul Ball, location: 2F
0-1: Swinging Strike
0-2: Foul Ball, location: 2F
0-2: Ball
1-2: Strikes out looking
Batting: RHB Kiyomitsu Shinoda 0-0: Ground out 3-1 (Groundball, 34S)
Bottom of the 1st over - 1 run(s), 2 hit(s), 0 error(s), 2 left on base; San Diego 1 - Bismarck 1
TOP OF THE 2ND
San Diego Smashers batting - Pitching for Bismarck Barons : RHP Felix Carrado
Batting: SHB Yoshitoki Kouda 0-0: Ball
1-0: SINGLE (Flyball, 78S)
Batting: RHB Francisco Castillo 0-0: Ball
1-0: Ball
2-0: Sac Bunt - play at first, batter OUT! 1-3
Yoshitoki Kouda to second
Batting: RHB Justin Burgess 0-0: Ball
1-0: Foul Ball, location: 2F
1-1: Ground out 4-3 (Groundball, 4M)
Yoshitoki Kouda to third
Batting: LHB Pedro Cruz 0-0: Foul Ball, location: 2F
0-1: Ball
1-1: SINGLE (Line Drive, 89S)
Yoshitoki Kouda scores
Batting: RHB Cisco Gatán 0-0: Ball
Pedro Cruz steals 2nd base
1-0: Called Strike
1-1: Foul Ball, location: 2F
1-2: Ground out 4-3 (Groundball, 4)
Top of the 2nd over - 1 run(s), 2 hit(s), 0 error(s), 1 left on base; San Diego 2 - Bismarck 1
BOTTOM OF THE 2ND
Bismarck Barons batting - Pitching for San Diego Smashers : RHP Duane Carlson
Batting: RHB Steve Brown 0-0: Ground out 6-3 (Groundball, 6)
Batting: SHB Dave Lee 0-0: Ball
1-0: Called Strike
1-1: SINGLE (Groundball, 34D)
Batting: LHB Jorge Martínez 0-0: Swinging Strike
0-1: Foul Ball, location: 2F
0-2: Strikes out looking
Batting: SHB Chris Griffith 0-0: Swinging Strike
0-1: Ball
1-1: Foul Ball, location: 2F
1-2: Foul Ball, location: 2F
1-2: Strikes out swinging
Bottom of the 2nd over - 0 run(s), 1 hit(s), 0 error(s), 1 left on base; San Diego 2 - Bismarck 1
TOP OF THE 3RD
San Diego Smashers batting - Pitching for Bismarck Barons : RHP Felix Carrado
Batting: LHB António Glaviz 0-0: Ball
1-0: Ball
2-0: SINGLE (Groundball, 34D)
Batting: LHB Bob Cunningham 0-0: SINGLE (Groundball, 34D)
António Glaviz to second
Throwing error, E9
António Glaviz scores
Bob Cunningham to second
Batting: LHB Raúl Guerra 0-0: Ball
1-0: Ball
2-0: Called Strike
2-1: Ball
3-1: Base on Balls
Batting: RHB Miguel Moreno 0-0: Called Strike
0-1: Called Strike
0-2: Ball
1-2: Foul Ball, location: 2F
1-2: Foul Ball, location: 2F
1-2: Ball
2-2: Ball
3-2: Foul Ball, location: 2F
3-2: Fly out, F9 (Flyball, 89D)
Runner from 2nd tags up, SAFE at 3rd, no throw
Batting: SHB Yoshitoki Kouda 0-0: Ball
1-0: Called Strike
1-1: Called Strike
1-2: Strikes out swinging
Batting: RHB Francisco Castillo 0-0: Called Strike
0-1: Ball
1-1: Ball
2-1: Fly out, F8 (Flyball, 8LD)
Top of the 3rd over - 1 run(s), 2 hit(s), 1 error(s), 2 left on base; San Diego 3 - Bismarck 1
BOTTOM OF THE 3RD
Bismarck Barons batting - Pitching for San Diego Smashers : RHP Duane Carlson
Batting: RHB Ed Terry 0-0: SOLO HOME RUN (Flyball, 78XD), Distance : 391 ft
Batting: RHB Dale Findley 0-0: Fly out, F2 (Popup, 2RF)
Batting: RHB Jorge Espinosa 0-0: Swinging Strike
0-1: Foul Ball, location: 2F
0-2: Foul Ball, location: 2F
0-2: Fly out, F8 (Flyball, 8RS)
Batting: RHB Domingo Ávila 0-0: Ball
1-0: Ball
2-0: Ball
3-0: Base on Balls
Batting: RHB Kiyomitsu Shinoda 0-0: Foul Ball, location: 2F
0-1: Ball
1-1: Foul Ball, location: 2F
1-2: Foul Ball, location: 2F
1-2: Foul Ball, location: 2F
1-2: Foul Ball, location: 2F
1-2: Strikes out swinging
Bottom of the 3rd over - 1 run(s), 1 hit(s), 0 error(s), 1 left on base; San Diego 3 - Bismarck 2
TOP OF THE 4TH
San Diego Smashers batting - Pitching for Bismarck Barons : RHP Felix Carrado
Batting: RHB Justin Burgess 0-0: Called Strike
0-1: Foul Ball, location: 2F
0-2: SINGLE (Groundball, 34S)
Batting: LHB Pedro Cruz 0-0: Called Strike
0-1: Foul Ball, location: 2F
0-2: Foul Ball, location: 2F
0-2: Ball
Justin Burgess steals 2nd base
1-2: Ball
2-2: Fly out, F7 (Line Drive, 78M)
Batting: RHB Cisco Gatán 0-0: Foul Ball, location: 2F
0-1: Ball
1-1: Ball
2-1: DOUBLE (Flyball, 78M)
Justin Burgess scores
Batting: LHB António Glaviz 0-0: Called Strike
0-1: Ball
1-1: Foul Ball, location: 2F
1-2: Fly out, F9 (Flyball, 9D)
Runner from 2nd tags up, SAFE at 3rd, no throw
Batting: LHB Bob Cunningham 0-0: Called Strike
0-1: Called Strike
0-2: Strikes out swinging
Top of the 4th over - 1 run(s), 2 hit(s), 0 error(s), 1 left on base; San Diego 4 - Bismarck 2
BOTTOM OF THE 4TH
Bismarck Barons batting - Pitching for San Diego Smashers : RHP Duane Carlson
Batting: RHB Steve Brown 0-0: Ball
1-0: Ball
2-0: Ball
3-0: Base on Balls
Batting: SHB Dave Lee 0-0: Called Strike
0-1: Ball
1-1: Fly out, F7 (Flyball, 78XD)
Batting: LHB Jorge Martínez 0-0: Fly out, F4 (Line Drive, 4)
Batting: SHB Chris Griffith 0-0: Swinging Strike
0-1: Fly out, F7 (Flyball, 7LD)
Bottom of the 4th over - 0 run(s), 0 hit(s), 0 error(s), 1 left on base; San Diego 4 - Bismarck 2
TOP OF THE 5TH
San Diego Smashers batting - Pitching for Bismarck Barons : RHP Felix Carrado
Batting: LHB Raúl Guerra 0-0: Called Strike
0-1: Foul Ball, location: 2F
0-2: Hit by Pitch
Batting: RHB Miguel Moreno 0-0: Ball
1-0: Swinging Strike
1-1: Foul Ball, location: 2F
1-2: Ball
2-2: Strikes out looking
Pitching: RHP Tomás Olvera
Batting: SHB Yoshitoki Kouda 0-0: Grounds into double play, 6-4-3 (Groundball, 6)
Top of the 5th over - 0 run(s), 0 hit(s), 0 error(s), 0 left on base; San Diego 4 - Bismarck 2
BOTTOM OF THE 5TH
Bismarck Barons batting - Pitching for San Diego Smashers : RHP Duane Carlson
Batting: RHB Ed Terry 0-0: Ball
1-0: Ball
2-0: Foul Ball, location: 2F
2-1: Ball
3-1: Called Strike
3-2: Ground out 6-3 (Groundball, 6M)
Batting: RHB Dale Findley 0-0: Hit by Pitch
Batting: RHB Jorge Espinosa 0-0: Called Strike
0-1: Ball
1-1: Swinging Strike
1-2: Ball
2-2: DOUBLE (Line Drive, 7LS)
Dale Findley to third
Runner from 3rd tries for Home, SAFE, no throw or cutoff
Batting: RHB Domingo Ávila 0-0: Called Strike
0-1: Ball
1-1: Ball
2-1: Foul Ball, location: 2F
2-2: Ground out 6-3 (Groundball, 6)
Pitching: RHP Pepe Guillén
Batting: RHB Kiyomitsu Shinoda 0-0: Called Strike
0-1: Ground out 6-3 (Groundball, 6)
Bottom of the 5th over - 1 run(s), 1 hit(s), 0 error(s), 1 left on base; San Diego 4 - Bismarck 3
TOP OF THE 6TH
San Diego Smashers batting - Pitching for Bismarck Barons : RHP Tomás Olvera
Batting: RHB Francisco Castillo 0-0: Foul Ball, location: 2F
0-1: Ball
1-1: Called Strike
1-2: Foul Ball, location: 2F
1-2: Ball
2-2: Strikes out swinging
Batting: RHB Justin Burgess 0-0: Ball
1-0: Called Strike
1-1: Ball
2-1: Swinging Strike
2-2: Ball
3-2: Foul Ball, location: 2F
3-2: Strikes out looking
Batting: LHB Pedro Cruz 0-0: Ball
1-0: Ball
2-0: SINGLE (Line Drive, 56D)
Batting: RHB Cisco Gatán 0-0: Ball
1-0: Ball
2-0: Foul Ball, location: 2F
2-1: Swinging Strike
2-2: Foul Ball, location: 2F
2-2: Foul Ball, location: 2F
2-2: Ball
3-2: Strikes out swinging
Top of the 6th over - 0 run(s), 1 hit(s), 0 error(s), 1 left on base; San Diego 4 - Bismarck 3
BOTTOM OF THE 6TH
Bismarck Barons batting - Pitching for San Diego Smashers : RHP Pepe Guillén
Batting: RHB Steve Brown 0-0: Ball
1-0: Fly out, F8 (Flyball, 8LD)
Batting: SHB Dave Lee 0-0: SINGLE (Line Drive, 8LS)
Batting: LHB Jorge Martínez 0-0: Ball
1-0: Foul Ball, location: 2F
1-1: Grounds into double play, 3-6-3 (Groundball, 3)
Bottom of the 6th over - 0 run(s), 1 hit(s), 0 error(s), 0 left on base; San Diego 4 - Bismarck 3
TOP OF THE 7TH
San Diego Smashers batting - Pitching for Bismarck Barons : RHP Tomás Olvera
Batting: LHB António Glaviz 0-0: Ball
1-0: SINGLE (Groundball, 5S) (infield hit)
Batting: LHB Bob Cunningham 0-0: Swinging Strike
0-1: Swinging Strike
0-2: Ball
1-2: Strikes out swinging
Pitching: RHP Hector Zambello
Batting: LHB Raúl Guerra 0-0: Foul Ball, location: 2F
0-1: Ball
1-1: Ball
Wild Pitch!
António Glaviz to second
2-1: Intentional Walk
Batting: RHB Miguel Moreno 0-0: Ball
1-0: Called Strike
1-1: SINGLE (Line Drive, 7LS)
António Glaviz to third
Raúl Guerra to second
Runner from 3rd tries for Home, SAFE, no throw or cutoff
Batting: SHB Yoshitoki Kouda 0-0: Grounds into double play, 6-4-3 (Groundball, 56)
Top of the 7th over - 1 run(s), 2 hit(s), 0 error(s), 1 left on base; San Diego 5 - Bismarck 3
BOTTOM OF THE 7TH
Bismarck Barons batting - Pitching for San Diego Smashers : RHP Pepe Guillén
Batting: SHB Chris Griffith 0-0: Called Strike
0-1: Ball
1-1: Fly out, F6 (Popup, 6)
Batting: RHB Ed Terry 0-0: Called Strike
0-1: Called Strike
0-2: Strikes out swinging
Batting: RHB Dale Findley 0-0: Hit by Pitch
Batting: RHB Jorge Espinosa 0-0: Called Strike
0-1: Ball
1-1: Ground out 1-3 (Groundball, 56S)
Bottom of the 7th over - 0 run(s), 0 hit(s), 0 error(s), 1 left on base; San Diego 5 - Bismarck 3
TOP OF THE 8TH
San Diego Smashers batting - Pitching for Bismarck Barons : RHP Hector Zambello
Batting: RHB Francisco Castillo 0-0: Ball
1-0: Ball
2-0: Ground out 6-3 (Groundball, 6D)
Batting: RHB Justin Burgess 0-0: SINGLE (Groundball, 6) (infield hit)
Batting: LHB Pedro Cruz 0-0: Ball
1-0: Foul Ball, location: 2F
1-1: Called Strike
1-2: Ball
2-2: Ball
3-2: Foul Ball, location: 2F
3-2: Foul Ball, location: 2F
3-2: Base on Balls
Justin Burgess to second
Batting: RHB Cisco Gatán 0-0: Called Strike
0-1: Grounds into double play, 6-4-3 (Groundball, 6)
Top of the 8th over - 0 run(s), 1 hit(s), 0 error(s), 1 left on base; San Diego 5 - Bismarck 3
BOTTOM OF THE 8TH
Bismarck Barons batting - Pitching for San Diego Smashers : RHP Pepe Guillén
Pitching: RHP Alberto Ortega
Now in RF: Luis Peña
Batting: RHB Domingo Ávila 0-0: Ball
1-0: Ball
2-0: Called Strike
2-1: Fly out, F8 (Flyball, 8LM)
Batting: RHB Kiyomitsu Shinoda 0-0: Fly out, F8 (Flyball, 8RD)
Batting: RHB Steve Brown 0-0: SINGLE (Line Drive, 4MD)
Batting: SHB Dave Lee 0-0: Ball
1-0: Ground out 5-3 (Groundball, 56S)
Bottom of the 8th over - 0 run(s), 1 hit(s), 0 error(s), 1 left on base; San Diego 5 - Bismarck 3
TOP OF THE 9TH
San Diego Smashers batting - Pitching for Bismarck Barons : RHP Hector Zambello
Batting: LHB António Glaviz 0-0: Ball
1-0: Called Strike
1-1: Called Strike
1-2: DOUBLE (Line Drive, 9LS)
Batting: LHB Bob Cunningham 0-0: Ball
1-0: Ball
2-0: Ball
3-0: Base on Balls
Pitching: LHP Edgardo Conteraras
Pinch Hitting: RHB Javier García 0-0: SINGLE (Line Drive, 6MD)
António Glaviz to third
Bob Cunningham to second
Runner from 3rd tries for Home, SAFE, no throw or cutoff
Batting: RHB Miguel Moreno 0-0: Called Strike
0-1: Called Strike
0-2: Strikes out swinging
Batting: SHB Yoshitoki Kouda 0-0: Fly out, F9 (Flyball, 89D)
Runner from 2nd tags up, SAFE at 3rd, no throw
Batting: RHB Luis Peña 0-0: Called Strike
0-1: Ball
1-1: Swinging Strike
1-2: Strikes out swinging
Top of the 9th over - 1 run(s), 2 hit(s), 0 error(s), 2 left on base; San Diego 6 - Bismarck 3
BOTTOM OF THE 9TH
Bismarck Barons batting - Pitching for San Diego Smashers : RHP Alberto Ortega
Pitching: RHP Mark Ross
Now at 1B: Alfredo Fernández
Now at 2B: José González
Batting: LHB Jorge Martínez 0-0: Called Strike
0-1: Ball
1-1: Foul Ball, location: 2F
1-2: Ball
2-2: Foul Ball, location: 2F
2-2: DOUBLE (Line Drive, 78M)
Batting: SHB Chris Griffith 0-0: Called Strike
0-1: Ball
1-1: Swinging Strike
1-2: Foul Ball, location: 2F
1-2: Foul Ball, location: 2F
1-2: Strikes out swinging
Batting: RHB Ed Terry 0-0: Ball
1-0: Called Strike
1-1: Ground out 6-3 (Groundball, 56)
Batting: RHB Dale Findley 0-0: Ground out 5-3 (Groundball, 5S)
Bottom of the 9th over - 0 run(s), 1 hit(s), 0 error(s), 1 left on base; San Diego 6 - Bismarck 3
This league is powered by Out of the Park Baseball, the baseball management simulation game for PC, Mac and Linux
Wednesday, December 2nd, 2015 - OOTP Baseball 16.8 Build 38